 Dungeon Crawl Stone Soup version 0.29.1-1-gd02db6906a (webtiles) character file.

Game seed: 6341357637170057884

16097 Earthwalker the Cleaver (level 12, -30/108 HPs)
             Began as a Minotaur Fighter on Oct 13, 2022.
             Was the Champion of Okawaru.
             Annihilated by a boulder beetle (52 damage)
             ... on level 10 of the Dungeon.
             The game lasted 00:40:56 (11850 turns).

Earthwalker the Cleaver (Minotaur Fighter)         Turns: 11850, Time: 00:40:57

Health: -30/108    AC: 23    Str: 25    XL:     12   Next: 7%
Magic:  11/11      EV: 10    Int: 10    God:    Okawaru [******]
Gold:   536        SH:  6    Dex: 11    Spells: 11/11 levels left

rFire   . . .      SeeInvis .   K - +11 hand axe of Tenacity {venom, Fragile rPois rC+ Int+5}
rCold   + + .      Faith    .   c - +0 buckler
rNeg    + . .      Spirit   .   n - +4 chain mail {rN+}
rPois   +          Reflect  .   (helmet restricted)
rElec   .          Harm     .   (no cloak)
rCorr   .          Rampage  .   (no gloves)
Will    .....                   G - +2 pair of boots of Limited Liability {rF+}
Stlth   ..........              s - amulet of magic regeneration
HPRegen 0.28/turn               w - +4 ring of protection
MPRegen 0.52/turn               e - ring of ice

@: no status effects
A: horns 2, retaliatory headbutt
a: Renounce Religion, Heroism, Finesse, Duel


You were on level 10 of the Dungeon.
You worshipped Okawaru.
Okawaru was exalted by your worship.
You visited 2 branches of the dungeon, and saw 11 of its levels.

You collected 536 gold pieces.

Inventory:

Hand Weapons
 a - a +0 war axe of draining
 z - a +2 vampiric glaive
 K - the +11 hand axe of Tenacity (weapon) {venom, Fragile rPois rC+ Int+5}
   (You took it off a kobold on level 7 of the Dungeon)

   It poisons the flesh of those it strikes.
   Int:       It affects your intelligence (+5).
   rC:        It protects you from cold.
   rPois:     It protects you from poison.
   Fragile:   It will be destroyed if unequipped.
Missiles
 j - 44 stones (quivered)
 y - 4 boomerangs of dispersal
 C - 46 poisoned darts
 F - 8 boomerangs
Armour
 b - a +0 scale mail
 c - a +0 buckler (worn)
 n - a +4 chain mail of positive energy (worn)
 G - the +2 pair of boots of Limited Liability (worn) {rF+}
   (You found it on level 7 of the Dungeon)

   rF:        It protects you from fire.
 P - a +1 pair of boots
 Q - a +0 plate armour
 S - a +1 pair of gloves of hurling
 U - the +4 ring mail "Ydonail" {Int+4 Dex+2}
   (You found it on level 9 of the Dungeon)

   Int:       It affects your intelligence (+4).
   Dex:       It affects your dexterity (+2).
Jewellery
 e - a ring of ice (right hand)
 s - an amulet of magic regeneration (around neck)
 w - a +4 ring of protection (left hand)
 D - a ring of resist corrosion
 J - a +6 ring of dexterity
Wands
 p - a wand of flame (72)
 B - a wand of polymorph (28)
 M - a wand of charming (8)
 O - a wand of quicksilver (9)
 R - a wand of mindburst (7)
Scrolls
 i - 6 scrolls of teleportation
 k - a scroll of summoning {unknown}
 q - 2 scrolls of vulnerability
 u - a scroll of fear
 v - a scroll of noise
Potions
 d - 4 potions of might
 f - 3 potions of lignification
 g - a potion of haste
 m - a potion of cancellation
 o - a potion of magic
 r - 5 potions of curing
 t - 2 potions of mutation {unknown}
 x - a potion of berserk rage {unknown}
 E - 2 potions of flight {unknown}
 I - 2 potions of attraction {unknown}
Miscellaneous
 A - a piece from Xom's chessboard (15/15)


   Skills:
 * Level 10.7 Fighting
 - Level 14.0 Axes
 * Level 3.3 Throwing
 * Level 11.4 Armour
 * Level 6.9 Dodging
 * Level 3.0 Stealth
 * Level 8.5 Shields


You had 11 spell levels left.
You didn't know any spells.
Your spell library contained the following spells:

 Spells                   Type           Power      Damage    Failure   Level
 Freeze                   Ice            0%         1d3       92%         1
 Sandblast                Erth           0%         2d4       92%         1
 Ensorcelled Hibernation  Hex/Ice        0%         N/A       98%         2
 Passwall                 Tmut/Erth      0%         N/A       98%         2
 Scorch                   Fire           0%         2d5       98%         2
 Frozen Ramparts          Ice            0%         1d1       100%        3
 Stone Arrow              Conj/Erth      0%         3d7       100%        3
 Swiftness                Air            0%         N/A       100%        3
 Flame Wave               Conj/Fire      0%         2d4       100%        4
 Hailstorm                Conj/Ice       0%         3d3       100%        4
 Summon Cactus Giant      Summ           Unusable   N/A       N/A         6

Dungeon Overview and Level Annotations

Branches:
Dungeon (10/15)            Temple (1/1) D:4            Lair (0/5) D:10
    Orc (0/2) D:10

Altars:
Ashenzari
Cheibriados
Dithmenos
Elyvilon
Fedhas
Hepliaklqana
Kikubaaqudgha
Makhleb
Nemelex Xobeh
Okawaru
Qazlal
Ru
Sif Muna
Trog
Uskayaw
Vehumet
Wu Jian
Xom
Yredelemnul
The Shining One

Shops:
D:3 :   D:6 =

Annotations:
D:6 3 runed translucent doors, topfpfpflanze's ghost, amateur DsMo


Innate Abilities, Weirdness & Mutations

You have a pair of horns on your head.
You reflexively headbutt those who attack you in melee.


Message History

The boulder beetle stops rolling and uncurls.
Things that are here:
a +0 dire flail; a +0 giant spiked club; a two-headed ogre corpse The boulder beetle attacks as you move away!
You block the boulder beetle's attack.
Things that are here:
a +0 giant spiked club; a +0 dire flail; a two-headed ogre corpse The boulder beetle curls into a ball and begins rolling!
Items here: $ ) ? †.
You block the boulder beetle's attack.
The boulder beetle stops rolling and uncurls.
Throw: 44 stones
Press: ? - help, Q - select action, (/) - cycle Shift-Dir - straight line, f - boulder beetle
Aim: a boulder beetle (heavily wounded, 90% to hit)
Okay, then.
Blink to where?
Press: ? - help, Dir - move target
As you read the scroll of blinking, it crumbles to dust.
You see here a howler monkey skeleton.
Items here: ))) [[ ÷.
Things that are here:
a +0 dagger; a +0 robe; a +0 hand axe
Things that are here:
a +0 falchion; a +0 robe The boulder beetle curls into a ball and begins rolling!
Things that are here:
a +0 dagger; a +0 robe
There is a stone staircase leading down here.
The boulder beetle hits you but does no damage.
The boulder beetle stops rolling and uncurls.
You see here a +0 battleaxe.
The boulder beetle attacks as you move away!
The boulder beetle closely misses you.
You see here a +0 hand axe.
The boulder beetle attacks as you move away!
The boulder beetle barely misses you. You furiously retaliate!
You headbutt the boulder beetle, but do no damage.
The boulder beetle curls into a ball and begins rolling!
The boulder beetle hits you!!!
You die...

,***#♣.♣.♣#...○..).......# #.#
** #.♣.♣.#.....>........# #.#
##♣.♣##..............# #.# *♣♣♣
♣...#....))).......# #.#
,c.♣#♣♣♣♣B#.####°######### #.#
*♣.♣#.B...#....#°######### #.#
.♣.♣#.♣♣♣♣#....#○........####.#
.♣§♣#..°).#....)B.............#
.§○§#♣♣♣♣R#.....@>.......######
§§§§♣R..☼.#.........######
☼§○§§§♣♣♣.#..............#
☼♣§§§§°...#..............#
.♣§§#§§♣♣.#..............#
,♣♣♣#°°...#......######### ,*
#.♣♣♣♣#.####.######## ,*
#.....#..#..........# ,*
#♣♣♣♣)#....#.######.###


You could see a boulder beetle (rolling).

Vanquished Creatures
  8 two-headed ogres
  Amaemon (D:9)
  Pikel (D:6)
  An ugly thing (D:10)
  A cyclops (D:10)
  An orange demon (D:9)
  An unseen horror (D:10)
  A komodo dragon (D:10)
  A troll (D:9)
  A hornet (D:10)
  3 wyverns
  25 yaks
  A vampire mosquito (D:10)
  2 steam dragons
  2 acid dragons
  A water moccasin (D:9)
  4 orc warriors (D:10)
  A sky beast (D:6)
  A black bear (D:5)
  An ice beast (D:8)
  An ogre (D:7)
  5 centaurs
  2 lemures (D:6)
  4 kobold brigands
  4 bullfrogs
  A necrophage (D:6)
  4 scorpions
  5 wights
  9 killer bees
  7 howler monkeys
  3 jellies
  3 hounds
  A gnoll bouda (D:7)
  4 orc priests
  3 iguanas
  Terence (D:3)
  Natasha (D:3)
  8 orc wizards
  11 adders
  9 gnolls
  A shadow imp (D:6)
  5 white imps
  An ufetubus (D:6)
  A worm (D:4)
  A dart slug (D:1)
  28 orcs
  4 endoplasms
  4 giant cockroaches
  2 goblins
  7 hobgoblins
  33 kobolds
  5 quokkas
  10 ball pythons
  5 rats
  2 butterflies (D:6)
253 creatures vanquished.

Vanquished Creatures (others)
  A manticore (D:10)
  2 yaks (D:10)
  A centaur (D:10)
  A howler monkey (D:10)
  An orc (D:10)
  45 plants
51 creatures vanquished.

Grand Total: 304 creatures vanquished

Notes
Turn   | Place    | Note
-------+----------+-------------------------------------------
     0 | D:1      | Earthwalker the Minotaur Fighter began the quest for the
                  | Orb.
     0 | D:1      | Reached XP level 1. HP: 19/19 MP: 0/0
   240 | D:1      | Reached XP level 2. HP: 25/27 MP: 1/1
   907 | D:2      | Found an iron altar of Okawaru.
   912 | D:2      | Became a worshipper of Warmaster Okawaru
  1060 | D:2      | Reached skill level 3 in Axes
  1060 | D:2      | Reached XP level 3. HP: 23/33 MP: 2/2
  2086 | D:2      | Reached skill level 1 in Dodging
  2209 | D:3      | Found Otwang's Book Emporium.
  2239 | D:3      | Found a faded altar of an unknown god.
  2249 | D:3      | Reached XP level 4. HP: 38/40 MP: 3/3
  2270 | D:3      | Noticed Terence
  2283 | D:3      | Killed Terence
  2542 | D:3      | Noticed Natasha
  2547 | D:3      | Killed Natasha
  2572 | D:3      | Reached skill level 4 in Axes
  2572 | D:3      | Reached XP level 5. HP: 30/47 MP: 4/4
  3042 | D:3      | Found a burning altar of Makhleb.
  3043 | D:3      | You fall into a shaft and drop 3 floors!
  3049 | D:5      | Entered Level 5 of the Dungeon
  3528 | D:4      | Found a shadowy altar of Dithmenos.
  3543 | D:4      | Reached * piety under Okawaru
  3544 | D:4      | Reached skill level 5 in Axes
  3544 | D:4      | Reached skill level 5 in Armour
  3544 | D:4      | Reached XP level 6. HP: 53/53 MP: 5/5
  3841 | D:4      | Found a staircase to the Ecumenical Temple.
  3998 | Temple   | Entered the Ecumenical Temple
  4544 | D:5      | Reached skill level 5 in Fighting
  4544 | D:5      | Reached skill level 6 in Axes
  4631 | D:5      | Reached XP level 7. HP: 36/61 MP: 6/6
  5053 | D:6      | Found a shimmering altar of Xom.
  5121 | D:6      | Reached skill level 7 in Axes
  5121 | D:6      | Reached skill level 5 in Shields
  5155 | D:6      | Reached ** piety under Okawaru
  5221 | D:6      | Found Vihirips's Jewellery Boutique.
  5306 | D:6      | Noticed a yak
  5321 | D:6      | Killed a yak
  5322 | D:6      | Reached skill level 8 in Axes
  5322 | D:6      | Reached XP level 8. HP: 44/70 MP: 7/7
  5478 | D:6      | Reached skill level 9 in Axes
  5483 | D:6      | Reached *** piety under Okawaru
  5880 | D:6      | Noticed Pikel
  5994 | D:6      | Killed Pikel
  5994 | D:6      | Reached **** piety under Okawaru
  5995 | D:6      | Reached skill level 10 in Axes
  5995 | D:6      | Reached XP level 9. HP: 53/79 MP: 8/8
  6160 | D:6      | Found a hazy altar of Hepliaklqana.
  6175 | D:6      | Found a runed translucent gate.
  6175 | D:6      | Noticed topfpfpflanze's ghost (amateur DsMo)
  6176 | D:6      | Found a runed translucent gate.
  6176 | D:6      | Found a runed translucent gate.
  6176 | D:6      | Identified the +4 plate armour "Yqiso" {rElec rF+}
  6429 | D:7      | Identified the +2 pair of boots of Limited Liability {rF+}
  7121 | D:7      | Reached skill level 11 in Axes
  7720 | D:7      | Identified the +11 hand axe of Tenacity {venom, Fragile
                  | rPois rC+ Int+5}
  7865 | D:7      | Identified the +1 robe "Ocrek" {Harm Int+2 Dex-4 SInv}
  7866 | D:7      | Found a sacrificial altar of Ru.
  7990 | D:7      | Found a blossoming altar of Fedhas.
  7990 | D:7      | Found a radiant altar of Vehumet.
  8616 | D:8      | Reached ***** piety under Okawaru
  8617 | D:8      | Reached XP level 10. HP: 53/88 MP: 9/9
  8919 | D:8      | Reached skill level 12 in Axes
  8919 | D:8      | Reached skill level 5 in Dodging
  9446 | D:9      | Noticed an orange demon
  9447 | D:9      | Noticed Amaemon
  9489 | D:9      | Noticed a two-headed ogre
  9498 | D:9      | Killed a two-headed ogre
  9710 | D:9      | Reached skill level 13 in Axes
  9902 | D:9      | Received a gift from Okawaru
  9927 | D:9      | Killed Amaemon
  9933 | D:9      | Killed an orange demon
  9934 | D:9      | Reached XP level 11. HP: 84/97 MP: 10/10
 10113 | D:9      | Identified the +4 ring mail "Ydonail" {Int+4 Dex+2}
 10291 | D:10     | Entered Level 10 of the Dungeon
 10300 | D:10     | Reached skill level 1 in Throwing
 10301 | D:10     | Reached skill level 1 in Stealth
 10304 | D:10     | Reached skill level 10 in Armour
 10435 | D:10     | Noticed a two-headed ogre
 10440 | D:10     | Killed a two-headed ogre
 10446 | D:10     | Noticed a two-headed ogre
 10454 | D:10     | Killed a two-headed ogre
 10456 | D:10     | HP: 4/97 [poisoned by a kobold brigand]
 10466 | D:10     | Reached skill level 14 in Axes
 10468 | D:10     | Noticed a two-headed ogre
 10471 | D:10     | Killed a two-headed ogre
 11101 | D:10     | Found a staircase to the Lair.
 11263 | D:10     | Reached ****** piety under Okawaru
 11412 | D:10     | Reached skill level 10 in Fighting
 11415 | D:10     | Noticed a two-headed ogre
 11426 | D:10     | Killed a two-headed ogre
 11582 | D:10     | Noticed a cyan ugly thing
 11590 | D:10     | Killed a cyan ugly thing
 11590 | D:10     | Received a gift from Okawaru
 11612 | D:10     | Noticed a two-headed ogre
 11617 | D:10     | Killed a two-headed ogre
 11681 | D:10     | Noticed a two-headed ogre
 11691 | D:10     | Killed a two-headed ogre
 11783 | D:10     | Reached XP level 12. HP: 106/108 MP: 11/11
 11785 | D:10     | Noticed a two-headed ogre
 11790 | D:10     | Killed a two-headed ogre
 11810 | D:10     | Noticed a boulder beetle
 11850 | D:10     | Annihilated by a boulder beetle

Illustrated notes

Levels and vault maps discovered:
D:1:      amcnicky_arrival_feature_with_door, layout_basic, st_stairs_1,
          kennysheep_decorative_pillar
D:2:      layout_basic, basic_altar, kennysheep_big_empty_room,
          kennysheep_generic_room_10
D:3:      minmay_general_purpose_star, layout_basic,
          mainiacjoe_overflow_alcove_4, bloody_makhleb, serial_shops,
          nicolae_shop_stone, nicolae_ecumenical_snake_handling,
          minmay_misc_feat_four_crosses, minmay_misc_feat_x,
          lightli_corner_chamber, uniq_robin, uniq_terence, uniq_natasha
D:4:      layout_loops_ring, nicolae_dithmenos_shadow_blocks, temple_hall
D:5:      layout_rooms, water_boxes_lemuel
D:6:      layout_loops_ring, nzn_hepliaklqana_mist_gate, xom_butterflies,
          biasface_ghost_orc_armoury, serial_shops, shop, uniq_pikel
D:7:      kennysheep_kobold_camp, layout_basic, nicolae_ru_sacrificial_ziggurat,
          nicolae_overflow_two_pavilions
D:8:      layout_gridville, minmay_starry_boxes
D:9:      layout_cave_pools, uniq_amaemon
D:10:     nzn_winding_woodlands_large [nzn_winding_woodlands_5x5_default,
          nzn_winding_woodlands_5x15_sidewinder,
          nzn_winding_woodlands_5x5_checkerboard,
          nzn_winding_woodlands_center_pierced_h,
          nzn_winding_woodlands_15x15_boxy_spiral,
          nzn_winding_woodlands_center_garden, nzn_winding_woodlands_5x5_cross,
          nzn_winding_woodlands_5x15_default, nzn_winding_woodlands_5x5_three],
          layout_basic, grunt_gozag_breadcrumbs, lair_entry_dummy, david_orc_4,
          grunt_ministairs_13
Temple:   compressed_dpeg_triangle_lava_temple

Skill      XL: |  1  2  3  4  5  6  7  8  9 10 11 12 |
---------------+-------------------------------------+-----
Fighting       | 4 5 7 9 10 | 10.7
Armour         | 4 5 6 7 8 9 11 | 11.4
Shields        | 4 5 6 7 8 |  8.5
Axes           | 3 4 5 6 8 10 11 13 14 | 14.0
Dodging        | 1 2 3 4 5 6 |  6.9
Throwing       | 3 |  3.3
Stealth        | 2 3 |  3.0

Action                   |  1- 3 |  4- 6 |  7- 9 | 10-12 || total
-------------------------+-------+-------+-------+-------++-------
Melee: War axe           |    65 |   117 |   244 |       ||   426
       Headbutt          |     4 |    12 |    50 |    65 ||   131
       Hand axe          |       |       |    32 |   253 ||   285
Throw: Stone             |       |       |     5 |    49 ||    54
  Use: Scroll            |       |       |       |    16 ||    16
       Potion            |       |       |       |     1 ||     1
Armor: Scale mail        |    49 |     2 |       |       ||    51
       Chain mail        |       |    79 |   137 |    98 ||   314
Dodge: Dodged            |    38 |    48 |    96 |   100 ||   282
Block: Buckler           |    11 |    25 |    46 |    38 ||   120
